 Dungeon Crawl Stone Soup version 0.27.1-4-g1640c2035a (webtiles) character file.

Game seed: 4659354104460150364

118 TheDoctor the Skirmisher (level 5, -6/42 HPs)
             Began as a Djinni Hedge Wizard on Oct 31, 2021.
             Mangled by Sigmund (14 damage)
             ... on level 2 of the Dungeon.
             The game lasted 00:04:31 (2767 turns).

TheDoctor the Skirmisher (Djinni Hedge Wizard)      Turns: 2767, Time: 00:04:31

Health: -6/42      AC:  2    Str: 15    XL:     5   Next: 23%
Gold:   83         EV: 12    Int: 17    God:
                   SH:  0    Dex: 12

rFire    + + .     SeeInvis .   e - +2 dagger (drain)
rCold    x . .     Faith    .   (no shield)
rNeg     . . .     Spirit   .   b - +0 robe
rPois    ∞         Reflect  .   c - +0 hat
rElec    .         Harm     .   (no cloak)
rCorr    .         Rampage  .   (no gloves)
Will     .....                  (boots unavailable)
Stlth    ++........             (no amulet)
HPRegen  0.14/turn              d - +6 ring of strength
MPRegen  0.00/turn              (no ring)

@: flying
A: sickness immunity, fire resistance 2, cold vulnerability 1, float, innate
caster, hp casting, extra vitality 1
a: no special abilities


You were on level 2 of the Dungeon.
You visited 1 branch of the dungeon, and saw 2 of its levels.

You collected 83 gold pieces.

Inventory:

Hand Weapons
 e - a +2 dagger of draining (weapon)
Armour
 b - a +0 robe (worn)
 c - a +0 hat (worn)
Jewellery
 d - a +6 ring of strength (left hand)
 k - an amulet of reflection
 l - a ring of ice
Scrolls
 j - a scroll of identify {unknown}
 m - a scroll of blinking {unknown}
Potions
 a - a potion of heal wounds {unknown}
 f - a potion of might
 g - a potion of brilliance {unknown}
 h - a potion of curing {unknown}
 i - a potion of lignification {unknown}
 n - a potion of attraction {unknown}


   Skills:
 + Level 4.4 Fighting
 - Level 2.1 Dodging
 - Level 1.5 Stealth
 - Level 2.4 Spellcasting


You couldn't memorise any spells.
You knew the following spells:

 Your Spells              Type           Power      Damage    Failure   Level
a - Magic Dart            Conj           40%        1d5       7%          1
b - Blink                 Tloc           N/A        N/A       11%         2
c - Call Imp              Summ           10%        N/A       11%         2
d - Slow                  Hex            10%        N/A       11%         2
e - Conjure Flame         Conj/Fire      10%        6-21      21%         3
f - Mephitic Cloud        Conj/Pois/Air  10%        N/A       21%         3
g - Freeze                Ice            40%        1d6       7%          1
h - Static Discharge      Conj/Air       10%        N/A       11%         2
Your spell library was empty.

Dungeon Overview and Level Annotations

Branches:
Dungeon (2/15)

Altars:

Annotations:
D:2 Sigmund, Terence


Innate Abilities, Weirdness & Mutations

You are immune to sickness and miasma.
You are immune to poison.
Your flesh is very heat resistant. (rF++)
You are vulnerable to cold. (rC-)
You float through the air rather than walking.
You learn spells naturally, not from books.
Your magical power is your life essence.
You have superior vitality. (+4 HP)


Message History

Casting: Mephitic Cloud (quite dangerous; 21% risk of failure)
Confirm with . or Enter, or press ? or * to list all spells.
The spell is quite dangerous to cast (21% risk of failure)!
Continue anyway?
Aiming: Mephitic Cloud (quite dangerous; 21% risk of failure)
Press: ? - help, Shift-Dir - straight line The ball explodes into a vile cloud!
The stinking cloud engulfs Sigmund but does no damage.
You hear a shout!
Sigmund casts a spell at you. The magic dart hits you!
Casting: Mephitic Cloud (quite dangerous; 21% risk of failure)
Confirm with . or Enter, or press ? or * to list all spells.
The spell is quite dangerous to cast (21% risk of failure)!
Continue anyway?
Aiming: Mephitic Cloud (quite dangerous; 21% risk of failure)
Press: ? - help, Shift-Dir - straight line The ball explodes into a vile cloud!
The stinking cloud engulfs Sigmund but does no damage.
Sigmund is engulfed in noxious fumes.
Sigmund hits you but does no damage.
Unknown command.
Sigmund is engulfed in noxious fumes.
Sigmund appears confused.
Sigmund closely misses you.
You barely miss Sigmund. You hit Sigmund but do no damage. You drain Sigmund.
Sigmund is lightly wounded.
Sigmund drinks a potion.
Sigmund seems to grow stronger.
Found 15 gold pieces.
Sigmund closely misses you.
You hit Sigmund. You drain Sigmund.
Sigmund is moderately wounded.
Terence completely misses you. Sigmund closely misses you.
You catch the helpless Sigmund completely off-guard!
You hit Sigmund.
Sigmund is heavily wounded.
Terence shouts, "DIE!!!"
Terence hits you with a +1 mace of protection!
Sigmund hits Terence with a +0 scythe of holy wrath.
Terence hits you with a +1 mace of protection!
* * * LOW HITPOINT WARNING * * *
Sigmund seems less confused.
Sigmund hits you from afar with a +0 scythe of holy wrath!
You die...

#.# #.# #.# #.. #.#
#.# #.########..
#.###.###...........
#.##...##...........
#.##...##...........
#.##...##...........
#.##...##...........
#(##@@.##.........##
#..@................
#######...........##
#.............
#.............
#.............
.............
.............
@...$........
#############


You could see Sigmund (strong, drained) and Terence.

Vanquished Creatures
  Natasha (twice) (D:2)
  An adder (D:2)
  2 dart slugs (D:1)
  6 ball pythons
  5 endoplasms (D:1)
  4 goblins (D:1)
  2 hobgoblins
  3 jackals (D:1)
  2 bats
  2 frilled lizards (D:2)
  4 rats (D:1)
33 creatures vanquished.

Vanquished Creatures (collateral kills)
  Natasha (D:2)
1 creature vanquished.

Grand Total: 34 creatures vanquished

Notes
Turn   | Place    | Note
-------+----------+-------------------------------------------
     0 | D:1      | TheDoctor the Djinni Hedge Wizard began the quest for the
                  | Orb.
     0 | D:1      | Reached XP level 1. HP: 15/15 MP: 0/0
   158 | D:1      | Reached skill level 1 in Fighting
   364 | D:1      | Reached XP level 2. HP: 19/22 MP: 0/0
   680 | D:1      | Reached skill level 2 in Fighting
   928 | D:1      | Reached XP level 3. HP: 20/29 MP: 0/0
   928 | D:1      | Learned a level 1 spell: Freeze
  1401 | D:2      | Reached skill level 3 in Fighting
  1521 | D:2      | Noticed Terence
  1573 | D:2      | Noticed Natasha
  1588 | D:2      | Killed Natasha
  1589 | D:2      | Reached XP level 4. HP: 22/36 MP: 0/0
  1760 | D:2      | Found a faded altar of an unknown god.
  1998 | D:2      | Noticed Natasha
  2021 | D:2      | Killed Natasha
  2022 | D:2      | Reached skill level 4 in Fighting
  2531 | D:2      | Noticed Natasha
  2539 | D:2      | Killed Natasha
  2540 | D:2      | Reached XP level 5. HP: 19/42 MP: 0/0
  2540 | D:2      | Learned a level 2 spell: Static Discharge
  2752 | D:2      | Noticed Sigmund
  2767 | D:2      | Mangled by Sigmund

Illustrated notes

Levels and vault maps discovered:
D:1:      dpeg_arrival_tiny_a, layout_basic
D:2:      layout_basic, shapermc_ecumenical_altar_acropolis, chequers_jeans,
          corner_web_ring, hangedman_glass_teeth, uniq_terence, uniq_sigmund,
          uniq_natasha

Skill      XL: |  1  2  3  4 |
---------------+-------------+-----
Fighting       | 1 2 3 4 |  4.4
Dodging        | |  2.1
Stealth        | |  1.5
Spellcasting   | |  2.4

Action                   |  1- 3 |  4- 6 || total
-------------------------+-------+-------++-------
Melee: Dagger            |     3 |     8 ||    11
 Cast: Magic Dart        |    77 |    17 ||    94
       Call Imp          |     1 |     1 ||     2
       Mephitic Cloud    |       |     3 ||     3
       Blink             |       |     1 ||     1
 Stab: Confused          |       |     2 ||     2
Armor: Robe              |     1 |     2 ||     3
Dodge: Dodged            |     8 |     5 ||    13
